 Dungeon Crawl Stone Soup version 0.31-a0-246-g8cbcc1cb85 (webtiles) character file.

Game seed: 11228677049837085676

2244 Zenkrye the Skirmisher (level 9, -8/52 HPs)
             Began as a Kobold Hexslinger on July 11, 2023.
             Shot with an arrow by a centaur warrior (30 damage)
             ... on level 7 of the Dungeon on July 12, 2023.
             The game lasted 00:24:52 (7900 turns).

Zenkrye the Skirmisher (Kobold Hexslinger)          Turns: 7900, Time: 00:24:53

Health: -8/52      AC:  3    Str:  5    XL:     9   Next: 63%
Magic:  11/22      EV: 25    Int: 20    God:
Gold:   474        SH:  0    Dex: 25    Spells: 3/14 levels left

rFire   . . .        a - +1 sling
rCold   . . .        (no shield)
rNeg    . . .        p - +0 robe of Card Tricks {MP+9 Slay+2}
rPois   .            (no helmet)
rElec   .            o - +0 cloak
rCorr   .            (no gloves)
SInv    .            (no boots)
Will    .....        j - amulet of faith
Stlth   +++          t - +6 ring of intelligence
HPRegen 0.28/turn    h - ring "Kikynloo" {EV+5 Dex+3}
MPRegen 0.18/turn

%: faith
@: no status effects
A: small, no large weapons, nightstalker 3
a: no special abilities


You were on level 7 of the Dungeon.
You visited 1 branch of the dungeon, and saw 7 of its levels.

You collected 474 gold pieces.

Inventory:

Hand Weapons
 a - a +1 sling (weapon)
 l - a +0 triple crossbow
Missiles
 H - 4 atropa-tipped darts
Armour
 c - a +0 robe
 o - a +0 cloak (worn)
 p - the +0 robe of Card Tricks (worn) {MP+9 Slay+2}
   (You found it on level 3 of the Dungeon)

   Slay:      It affects your accuracy & damage with ranged weapons and melee
   (+2).
   MP:        It affects your magic capacity (+9).
 v - +0 acid dragon scales
 w - a +0 helmet
 G - +0 steam dragon scales
Magical Staves
 m - a staff of cold
Jewellery
 h - the ring "Kikynloo" (right hand) {EV+5 Dex+3}
   (You found it on level 2 of the Dungeon)

   [ring of evasion]

   EV:        It affects your evasion (+5).
   Dex:       It affects your dexterity (+3).
 j - an amulet of faith (around neck)
 t - a +6 ring of intelligence (left hand)
Talismans
 n - a maw talisman
Wands
 q - a wand of flame (25)
Scrolls
 b - 3 scrolls of poison
 i - 2 scrolls of identify {@r1}
 u - a scroll of brand weapon {unknown}
 y - a scroll of summoning
 D - a scroll of teleportation {unknown}
 F - a scroll of enchant weapon {unknown}
Potions
 d - 2 potions of curing {@q1}
 e - 3 potions of lignification
 f - a potion of might {@q4}
 g - a potion of invisibility
 k - a potion of mutation
 r - a potion of resistance {unknown}
 s - a potion of brilliance {unknown}
 x - 2 potions of magic {unknown}
 z - 3 potions of degeneration {unknown}
 A - 2 potions of haste {unknown}
 B - a potion of attraction {unknown}
 C - a potion of cancellation {unknown}
 E - a potion of berserk rage {unknown}


   Skills:
 + Level 4.1 Fighting
 * Level 11.2 Ranged Weapons
 + Level 6.7 Dodging
 - Level 3.0 Spellcasting
 + Level 6.0 Hexes


You had 3 spell levels left.
You knew the following spells:

 Your Spells              Type           Power      Damage    Failure   Level
a - Slow                  Hex            100%       N/A       1%          1
b - Summon Guardian Gole  Hex/Summ       15%        N/A       12%         3
f - Cause Fear            Hex            13%        N/A       12%         4
p - Portal Projectile     Hex/Tloc       30%        N/A       12%         3

Your spell library contained the following spells:

 Spells                   Type           Power      Damage    Failure   Level
 Tukima's Dance           Hex            27%        N/A       3%          3
 Inner Flame              Hex/Fire       15%        N/A       12%         3
 Stone Arrow              Conj/Erth      6%         3d7       38%         3
 Animate Armour           Summ/Erth      6%         N/A       80%         4
 Iskenderun's Mystic Bla  Conj/Tloc      3%         2d3       80%         4
 Orb of Destruction       Conj           1%         9d5       100%        7
 Spellforged Servitor     Conj/Summ      1%         N/A       100%        7
 Lehudib's Crystal Spear  Conj/Erth      1%         10d2      100%        8


Dungeon Overview and Level Annotations

Branches:
Dungeon (7/15)
 Temple: D:4-7

Altars:
Okawaru
Uskayaw
Vehumet
Xom
The Shining One

Annotations:
D:3 Grinder
D:4 Eustachio
D:6 2 transporters, osoart's ghost, novice OpCj


Innate Abilities, Weirdness & Mutations

You are small and have problems with some larger weapons.
You are completely attuned to the shadows.


Message History

Your guardian golem explodes!
The fiery explosion engulfs the centaur warrior!!
You magically shoot a sling bullet.
The sling bullet hits the centaur warrior!
The centaur warrior is severely wounded.
The centaur warrior shoots an arrow.
The arrow barely misses you.
The centaur warrior shoots an arrow.
The arrow misses you.
You magically shoot a sling bullet.
The sling bullet hits the centaur warrior.
The centaur warrior is almost dead.
You are no longer teleporting projectiles to their destination.
The centaur warrior shoots an arrow.
The arrow hits you!!
You shoot a sling bullet.
The sling bullet barely misses the centaur warrior.
The centaur warrior shoots an arrow.
The arrow barely misses you.
You shoot a sling bullet.
The sling bullet hits the centaur warrior.
The centaur warrior is almost dead.
You shoot a sling bullet.
The sling bullet hits the centaur warrior!
The centaur warrior is almost dead.
The centaur warrior shoots an arrow.
The arrow hits you!
The centaur warrior shoots an arrow.
The arrow misses you.
You are too injured to fight recklessly!
Casting: Portal Projectile (dangerous; 12% risk of failure)
Confirm with . or Enter, or press ? or * to list all spells.
Aiming: Slow (safe; 1% risk of failure)
Press: ? - help, Shift-Dir - straight line, f/p - centaur warrior
Aim: a centaur warrior, wielding a +0 shortbow (almost dead, chance to affect: 38%)
The centaur warrior resists with some effort.
The centaur warrior shoots an arrow.
The arrow misses you.
Casting: Slow (safe; 1% risk of failure)
Confirm with . or Enter, or press ? or * to list all spells.
Aiming: Slow (safe; 1% risk of failure)
Press: ? - help, Shift-Dir - straight line, f/p - centaur warrior
Aim: a centaur warrior, wielding a +0 shortbow (almost dead, chance to affect: 38%)
The centaur warrior resists with some effort.
The centaur warrior shoots an arrow.
The arrow hits you!!
Ouch! That really hurt!
You die...

##...## #.....#
#.....# #.....#
##...## #
###)############## ..
#.....##...##.....
☼§§#.....#....(##.###
.c§'@.8..'..)..##.#
§§☼#.....#.....##.#
.. #.....##...###.# #
#.....########.#
#..............#
################


You could see a centaur warrior.

Vanquished Creatures
  2 water moccasins (D:6)
  A sky beast (D:7)
  3 ogres
  A centaur (D:7)
  2 phantoms
  A bullfrog (D:7)
  2 scorpions
  A jelly (D:5)
  6 hounds
  Crazy Yiuf (D:4)
  2 iguanas
  Jessica (D:3)
  A sleepcap (D:4)
  5 gnolls
  10 adders
  2 white imps
  An ufetubus (D:4)
  2 worms
  A dart slug (D:5)
  17 orcs
  8 ball pythons
  8 bats
  10 endoplasms
  3 giant cockroaches
  8 goblins
  8 hobgoblins
  3 jackals (D:1)
  5 quokkas
  3 frilled lizards
  9 kobolds
  5 rats
132 creatures vanquished.

Vanquished Creatures (others)
  A wraith (D:6)
  A steam dragon (D:7)
  An acid dragon (D:5)
  A water moccasin (D:6)
  A black bear (D:5)
  A gnoll bouda (D:7)
  An iguana (D:5)
  2 gnolls (D:7)
9 creatures vanquished.

Grand Total: 141 creatures vanquished

Notes
Turn   | Place    | Note
-------+----------+-------------------------------------------
     0 | D:1      | Zenkrye the Kobold Hexslinger began the quest for the Orb.
     0 | D:1      | Reached XP level 1. HP: 12/12 MP: 2/2
    24 | D:1      | Reached skill level 3 in Ranged Weapons
    80 | D:1      | Reached XP level 2. HP: 15/16 MP: 3/3
   126 | D:1      | Reached skill level 4 in Ranged Weapons
   310 | D:1      | Reached XP level 3. HP: 20/20 MP: 4/4
   612 | D:1      | Reached skill level 5 in Ranged Weapons
  1066 | D:2      | Learned a level 3 spell: Portal Projectile
  1122 | D:2      | Reached XP level 4. HP: 25/25 MP: 5/5
  1354 | D:2      | Identified the ring "Kikynloo" {EV+5 Dex+3}
  1480 | D:2      | Found a radiant altar of Vehumet.
  1853 | D:3      | Found an iron altar of Okawaru.
  2065 | D:3      | Noticed Jessica
  2078 | D:3      | Killed Jessica
  2079 | D:3      | Reached skill level 6 in Ranged Weapons
  2079 | D:3      | Reached XP level 5. HP: 29/29 MP: 5/7
  2160 | D:3      | Noticed Grinder
  2161 | D:3      | Paralysed by Grinder for 2 turns
  2272 | D:3      | Found a glowing golden altar of the Shining One.
  2275 | D:3      | Found a radiant altar of Vehumet.
  2276 | D:3      | Found a hide-covered altar of Uskayaw.
  2278 | D:3      | Found a shimmering altar of Xom.
  2419 | D:3      | Upgraded the game from 0.31-a0-237-g2d982f9f85 to
                  | 0.31-a0-246-g8cbcc1cb85
  3139 | D:4      | Noticed an ogre
  3167 | D:4      | Killed an ogre
  3168 | D:4      | Reached skill level 7 in Ranged Weapons
  3168 | D:4      | Reached XP level 6. HP: 34/34 MP: 7/9
  3415 | D:3      | Identified the +0 robe of Card Tricks {MP+9 Slay+2}
  3705 | D:4      | Found a runed translucent door.
  3708 | D:4      | Noticed Crazy Yiuf
  3713 | D:4      | Killed Crazy Yiuf
  3920 | D:4      | Reached XP level 7. HP: 38/38 MP: 10/10
  4013 | D:4      | Noticed Eustachio
  4172 | D:5      | Entered Level 5 of the Dungeon
  4377 | D:5      | Noticed an acid dragon
  4606 | D:5      | Reached skill level 8 in Ranged Weapons
  4623 | D:5      | Learned a level 3 spell: Summon Guardian Golem
  4836 | D:5      | Noticed a two-headed ogre
  4872 | D:5      | Reached XP level 8. HP: 38/43 MP: 11/11
  4877 | D:5      | Learned a level 4 spell: Cause Fear
  4905 | D:5      | Reached skill level 9 in Ranged Weapons
  4932 | D:5      | Reached skill level 5 in Dodging
  5205 | D:5      | Reached skill level 5 in Hexes
  5461 | D:6      | Noticed a wraith
  5650 | D:6      | Found a transporter.
  5652 | D:6      | Found a transporter.
  5825 | D:6      | Noticed a hornet
  6014 | D:6      | Reached skill level 10 in Ranged Weapons
  6180 | D:6      | Noticed a queen bee
  6256 | D:6      | Noticed osoart's ghost (novice OpCj)
  6311 | D:6      | Reached XP level 9. HP: 49/49 MP: 13/13
  7107 | D:7      | Reached skill level 11 in Ranged Weapons
  7694 | D:7      | Noticed a centaur warrior
  7900 | D:7      | Shot with an arrow by a centaur warrior

Illustrated notes

Levels and vault maps discovered:
D:1:      psy_arrival_radial01, layout_loops_ring, hangedman_feature_mirror,
          kennysheep_minor_cross, minmay_misc_feat_secret_circle
D:2:      layout_rooms, basic_altar, hangedman_decor_riveting,
          wander_ebering_terrifying_dragon_lair
D:3:      layout_basic, mainiacjoe_overflow_alcove_3,
          nicolae_overflow_hidden_temple, uniq_jessica, uniq_ijyb, uniq_grinder
D:4:      layout_rooms, serial_co_window_serial, co_window_paths_a,
          co_window_paths_a, co_window_of_opportunity_a, co_window_corner_a,
          co_window_paths_b, co_window_of_opportunity_b,
          co_window_unsneaky_path_e, co_window_paths_c,
          co_window_of_opportunity_b, co_window_corner_b, co_window_sun,
          co_window_4corner_a, glass_columns_b, glass_columns_c,
          glass_columns_a, glass_columns_a, uniq_crazy_yiuf_cottage,
          uniq_eustachio
D:5:      minmay_clustersquares, layout_basic
D:6:      layout_layer_cave, gammafunk_ghost_hive, serial_bayou_lagoon_a
D:7:      minmay_the_grid_octo_triangle [minmay_the_grid_octo_fan_narrow,
          minmay_the_grid_octo_prize_big_c, minmay_the_grid_octo_clover_2],
          layout_basic, minmay_temple_entry_mist,
          amcnicky_mini_rare_corridor_liquid, minmay_three_doors

Skill      XL: |  1  2  3  4  5  6  7  8  9 |
---------------+----------------------------+-----
Ranged Weapons | 3 4 5 6 7 8 10 11 | 11.2
Dodging        | 3 4 5 6 |  6.7
Spellcasting   | 2 3 |  3.0
Hexes          | 4 5 6 |  6.0
Fighting       | 2 4 |  4.1

Action                     |  1- 3 |  4- 6 |  7- 9 || total
---------------------------+-------+-------+-------++-------
   Fire: Sling             |    90 |   157 |   247 ||   494
   Cast: Slow              |       |    23 |    22 ||    45
         Summon Guardian G |       |       |    12 ||    12
         Portal Projectile |       |       |     6 ||     6
    Use: Scroll            |     4 |     7 |     1 ||    12
         Potion            |       |       |     1 ||     1
 Armour: Robe              |     6 |     3 |     5 ||    14
  Dodge: Dodged            |    27 |    34 |   129 ||   190

Table legend: (Time is in decaauts)
 A = Elapsed time spent in this place.
 B = Non-inter-level travel time spent in this place.
 C = Inter-level travel time spent in this place.
 D = Time resting spent in this place.
 E = Time spent auto-exploring this place.
 F = Levels seen in this place.
 G = Mean time per level.
                   A        B        C        D        E       F      G
               +--------+--------+--------+--------+--------+-----+--------+
         Total |   7931 |   7563 |    368 |    444 |   5663 |   7 | 1133.0 |
       Dungeon |   7931 |   7563 |    368 |    444 |   5663 |   7 | 1133.0 |
               +--------+--------+--------+--------+--------+-----+--------+

Top non-repeatable levels by time:
     D:6: 1554 daAuts
     D:4: 1505 daAuts
     D:7: 1067 daAuts
     D:3: 1066 daAuts
     D:1: 1026 daAuts
     D:5: 1016 daAuts
     D:2: 694 daAuts
